AoeStats
← francoishurdebise

Arena

508953472Analyzed
1v1 RM · 8d ago on Sep 24, 2026· 42m 3s· 2 players
Game mode
Random Map
Map size
Tiny (2 player)
Population
200
Speed
Normal
Resources
Standard
Victory
Conquest
Starting age
Dark Age
Ending age
Imperial Age
RankedLock teamsTeams togetherTeam positionsShared explorationLock speedFull tech treeHidden civsTurbo modeCheats
Victory
Defeat
🇺🇸 Bohemians · United States
708
+18
🇧🇪 Franks · Belgium
743
-44
imdafuzzy
10:56 Feudal Age
11:26 Double-Bit Axe
12:10 Horse Collar
17:49 Castle Age
20:31 Wheelbarrow
19:41 Loom
23:06 Hand Cart
30:37 Imperial Age
29:40 Town Watch
31:39 Chemistry
31:41 Elite Hussite Wagon
32:42 Conscription
32:52 Siege Engineers
34:22 Bow Saw
34:20 Fletching
36:49 Houfnice
41:07 Murder Holes
41:34 Ballistics
41:25 Fortified Wall
41:27 Masonry
42:31 Two-Man Saw
francoishurdebise
14:07 Feudal Age
15:40 Wheelbarrow
15:02 Double-Bit Axe
23:01 Castle Age
23:57 Bow Saw
24:59 Hand Cart
24:59 Husbandry
27:45 Scale Barding Armor
27:41 Scale Mail Armor
27:52 Forging
28:54 Stone Mining
29:00 Gold Mining
32:57 Stone Mining
33:43 Gold Shaft Mining
35:52 Chain Barding Armor
40:46 Masonry
40:16 Treadmill Crane
40:57 Ballistics
40:33 Murder Holes
40:49 Fortified Wall
40:30 Guard Tower
Connection lost

Rejoining the realm…

Still unreachable

The connection could not be restored.

Session expired

The server has moved on; the page needs a fresh start.